AoeStats
← Gregory176144

Arena

510040491Analyzed
1v1 RM · 3d ago on Sep 29, 2026· 38m 11s· 2 players
Game mode
Random Map
Map size
Tiny (2 player)
Population
200
Speed
Normal
Resources
Standard
Victory
Conquest
Starting age
Dark Age
Ending age
Imperial Age
RankedLock teamsTeams togetherTeam positionsShared explorationLock speedFull tech treeHidden civsTurbo modeCheats
Victory
Defeat
🇦🇷 Tatars · Argentina
1204
+30
1154
-14
Jorge el glorioso maton
9:07 Feudal Age
12:49 Loom
15:33 Castle Age
18:51 Horse Collar
18:59 Double-Bit Axe
25:00 Wheelbarrow
29:08 Imperial Age
26:52 Padded Archer Armor
26:44 Fletching
26:51 Gold Mining
27:21 Heavy Plow
27:39 Bow Saw
28:57 Leather Archer Armor
28:37 Bodkin Arrow
28:50 Elite Skirmisher
29:36 Thumb Ring
31:30 Chemistry
31:04 Ring Archer Armor
31:08 Ballistics
35:08 Bracer
Gregory176144
9:14 Feudal Age
12:46 Castle Age
11:46 Double-Bit Axe
11:42 Horse Collar
13:46 Bow Saw
14:54 Treadmill Crane
19:35 Wheelbarrow
21:56 Hand Cart
22:20 Gold Mining
23:37 Gold Shaft Mining
24:49 Stone Mining
25:01 Town Watch
25:48 Loom
29:13 Imperial Age
27:01 Fletching
27:11 Padded Archer Armor
27:49 Bodkin Arrow
28:10 Leather Archer Armor
28:16 Ballistics
28:38 Elite Skirmisher
30:59 Chemistry
30:00 Bracer
30:31 Ring Archer Armor
30:32 Husbandry
30:43 Bloodlines
30:49 Siege Engineers
31:57 Masonry
35:41 Conscription
Connection lost

Rejoining the realm…

Still unreachable

The connection could not be restored.

Session expired

The server has moved on; the page needs a fresh start.